Map: [ESL] Waterfall

Players

Cure - Winner!

  • Race: Terran Terran
  • League: Master
  • Spawn Location: 1:00

Kelazhur

  • Race: Terran Terran
  • League: Master
  • Spawn Location: 7:00

Event: HomeStory Cup XXII

VOD

Have the link to the VOD?

Description

Time

  • Played on: Dec. 16, 2022, 9:32 a.m.
  • Length: 9:09

All games in this series

Show
View Real Time Build Order
Export as new Build Order

Cure Terran - Winner!

Build Orders:  

Get SALT Encoding   

  12  0:00  SCV  
  13  0:12  SCV  
  14  0:16  Supply Depot  
  14  0:24  SCV  
  15  0:38  SCV  
  15  0:39  Barracks  
  16  0:43  Refinery  
  16  0:50  SCV  
  17  0:59  Barracks  
  17  1:02  SCV  
  18  1:10  Refinery  
  18  1:14  SCV  
  19  1:26  Reaper  
  19  1:29  Orbital Command  
  20  1:39  Supply Depot  
  20  1:45  Reaper  
  21  1:55  SCV  
  21  1:58  Reaper  
  23  2:07  SCV  
  24  2:10  Factory  
  24  2:18  Reaper  
  24  2:20  SCV  
  24  2:21  Supply Depot  
  26  2:30  Reaper  
  26  2:32  SCV  
  28  2:50  Reaper, SCV  
  29  2:55  Hellion  
  31  3:02  SCV  
  31  3:11  Command Center  
  31  3:16  Reaper  
  31  3:18  Hellion  
  33  3:22  Reaper, SCV  
  35  3:28  Starport  
  35  3:36  Supply Depot  
  35  3:37  SCV  
  36  3:41  Factory Tech Lab  
  36  3:49  SCV  
  36  3:51  Barracks Reactor  
  36  3:54  Marine  
  37  4:00  Cyclone  
  37  4:01  SCV  
  41  4:04  Refinery  
  41  4:11  Marine  
  41  4:13  SCV, Starport Tech Lab  
  42  4:25  SCV  
  42  4:28  Marine x2  
  42  4:29  Orbital Command, Marine  
  45  4:35  Raven  
  45  4:38  SCV  
  48  4:44  Supply Depot  
  48  4:46  Siege Tank  
  48  4:49  Marine  
  48  4:51  Marine  
  53  4:55  Barracks Tech Lab  
  53  4:56  SCV  
  54  5:01  SCV  
  55  5:09  SCV  
  55  5:13  SCV  
  56  5:20  Marine x3  
  58  5:22  Stimpack  
  58  5:24  SCV  
  58  5:25  SCV  
  60  5:29  Siege Tank  
  60  5:30  Starport Reactor  
  63  5:36  SCV  
  63  5:37  Supply Depot x2, SCV  
  63  5:42  Marine x3  
  68  5:57  SCV x2  
  68  6:03  Supply Depot, Command Center  
  69  6:08  Medivac x2  
  69  6:09  Marine x3  
  69  6:10  SCV  
  69  6:11  SCV  
  78  6:16  Siege Tank  
  79  6:25  SCV x2  
  79  6:27  Marine x3  
  79  6:31  Bunker  
  80  6:40  Engineering Bay x2  
  80  6:45  Marine x3  
  80  6:46  Medivac x2  
  87  6:47  SCV x2  
  87  6:49  Siege Tank  
  91  7:02  Marine  
  91  7:03  Combat Shield, Marine x2  
  91  7:07  Refinery  
  91  7:08  SCV x2  
  93  7:11  Barracks  
  91  7:20  Marine x2  
  91  7:21  Viking x2, Marine  
  98  7:35  Siege Tank  
  98  7:36  SCV x2  
  103  7:38  Marine x3  
  92  7:53  SCV  
  92  7:54  SCV  
  92  7:56  Marine x3  
  92  8:07  Medivac x2  
  92  8:08  SCV x2, Orbital Command  
  95  8:14  Marine x2  
  95  8:15  Marine  
  95  8:16  Barracks Reactor  
  98  8:21  SCV x2  
  97  8:31  Marine  
  97  8:32  Marine  
  97  8:33  Marine  
  97  8:34  Siege Tank  
  97  8:49  Marine x2  
Show
View Real Time Build Order
Export as new Build Order

Kelazhur Terran 

Build Orders:  

Get SALT Encoding   

  12  0:00  SCV  
  13  0:12  SCV  
  14  0:17  Supply Depot  
  14  0:25  SCV  
  15  0:38  SCV  
  15  0:40  Barracks  
  16  0:44  Refinery  
  16  0:50  SCV  
  16  0:53  Refinery  
  17  1:03  SCV  
  18  1:15  SCV  
  19  1:28  Reaper, Orbital Command  
  19  1:31  Supply Depot  
  20  1:41  Factory  
  20  1:54  SCV  
  21  2:00  Reaper  
  22  2:06  SCV  
  23  2:18  Command Center  
  23  2:20  SCV  
  24  2:25  Hellion  
  26  2:32  Reaper  
  26  2:34  Supply Depot  
  26  2:35  SCV  
  28  2:47  Hellion  
  28  2:50  SCV  
  31  3:02  SCV  
  31  3:03  Starport  
  31  3:08  Hellion, Reaper  
  33  3:14  SCV  
  34  3:26  SCV  
  35  3:31  Factory Tech Lab, Orbital Command  
  35  3:39  SCV  
  35  3:40  Refinery  
  35  3:41  Barracks Reactor, Starport Tech Lab  
  34  3:49  Cyclone  
  34  3:51  SCV  
  38  4:00  Banshee  
  38  4:01  SCV  
  42  4:03  SCV  
  43  4:13  SCV  
  44  4:19  SCV  
  44  4:27  Siege Tank  
  44  4:28  SCV, Marine  
  44  4:29  Marine  
  50  4:32  SCV  
  51  4:40  Supply Depot  
  51  4:43  Raven  
  53  4:46  Command Center  
  53  4:49  SCV  
  54  5:02  SCV  
  54  5:03  Supply Depot, Siege Tank  
  54  5:06  SCV  
  59  5:10  Marine x2  
  62  5:14  SCV  
  62  5:25  SCV  
  62  5:26  Supply Depot, Raven  
  62  5:29  SCV  
  62  5:31  Marine  
  62  5:32  Marine  
  65  5:36  Siege Tank  
  65  5:37  SCV  
  69  5:49  SCV  
  67  5:52  SCV, Barracks  
  67  5:53  Barracks, Marine x2  
  67  5:55  Refinery  
  70  5:58  Orbital Command  
  70  6:01  SCV  
  72  6:04  SCV  
  72  6:09  Siege Tank  
  75  6:18  SCV x2  
  77  6:20  Engineering Bay  
  77  6:21  Engineering Bay  
  77  6:22  Viking x2  
  77  6:24  Orbital Command  
  79  6:26  Marine  
  79  6:30  SCV x2  
  82  6:40  Barracks Reactor x2  
  82  6:42  SCV x2  
  82  6:45  Marine  
  82  6:46  Siege Tank  
  88  6:54  SCV x2, Viking  
  88  6:56  SCV  
  93  7:02  Supply Depot x2  
  93  7:11  SCV  
  93  7:14  Viking  
  93  7:20  SCV x2, Marine  
  93  7:21  Siege Tank  
  92  7:23  Marine  
  92  7:24  SCV, Marine x3, Viking  
  98  7:37  Marine  
  98  7:40  Marine  
  98  7:41  SCV  
  101  7:45  SCV, Marine x3  
  101  7:49  SCV  
  99  7:53  SCV  
  99  7:55  Marine  
  99  7:56  Siege Tank  
  99  7:57  SCV  
  102  7:58  Marine  
  102  8:01  SCV  
  102  8:03  Marine x3  
  102  8:05  SCV  
  99  8:11  SCV  
  94  8:13  SCV  
  94  8:24  SCV x2  
  81  8:28  SCV, Marine x2  
  81  8:29  Marine x2  
  65  8:36  SCV  
Tags
 
Add a new tag
Caveats
  • Supply blocks, unpowered buildings, or Contaminate may cause inaccurate times.
  • Supply counts are checked every 10 seconds.